Map: Gemgarden LE

Players

Nitrate - Winner!

  • Race: Protoss Protoss
  • League: Gold

Вагнер - Winner!

  • Race: Zerg Zerg

TheChosenOne

  • Race: Zerg Zerg

Ingalax

  • Race: Terran Terran

VOD

Have the link to the VOD?

Description

Time

  • Played on: Feb. 26, 2026, 2:08 p.m.
  • Length: 14:35
Show
View Real Time Build Order
Export as new Build Order

Nitrate Protoss - Winner!

Build Orders:  

Get SALT Encoding   

  12  0:00  Probe  
  13  0:12  Probe  
  14  0:20  Pylon  
  14  0:24  Probe  
  15  0:35  Probe  
  16  0:44  Probe, Gateway  
  17  0:51  Assimilator  
  17  0:59  Probe  
  18  1:11  Probe  
  19  1:23  Probe  
  20  1:38  Probe  
  21  1:58  Probe  
  22  2:01  Nexus  
  22  2:11  Probe  
  22  2:12  Cybernetics Core  
  22  2:14  Assimilator  
  23  2:17  Pylon  
  23  2:30  Warp Gate  
  23  2:35  Pylon, Probe  
  23  2:47  Stalker, Probe  
  26  2:59  Probe  
  27  3:11  Probe  
  28  3:14  Stalker  
  30  3:23  Probe  
  30  3:26  Shield Battery  
  31  3:27  Probe, Gateway  
  32  3:35  Probe  
  32  3:38  Stalker  
  32  3:39  Probe  
  34  3:42  Pylon  
  34  3:46  Pylon  
  34  3:48  Probe  
  35  3:51  Probe  
  38  4:00  Probe  
  39  4:03  Probe  
  40  4:12  Probe  
  41  4:19  Pylon  
  41  4:44  Stalker x2  
  46  4:45  Probe  
  46  4:48  Twilight Council  
  46  5:07  Stalker  
  46  5:08  Stalker  
  50  5:19  Probe  
  50  5:20  Blink  
  51  5:23  Forge  
  51  5:24  Probe  
  51  5:27  Probe  
  51  5:28  Gateway  
  52  5:32  Gateway  
  53  5:41  Robotics Facility  
  53  5:44  Stalker x2  
  53  5:46  Protoss Ground Weapons Level 1  
  58  5:57  Probe  
  58  6:08  Pylon  
  58  6:36  Probe x2  
  58  6:50  Stalker  
  58  6:51  Stalker x3  
  64  7:15  Probe x2  
  64  7:18  Immortal  
  64  7:20  Stalker x3  
  64  7:21  Stalker  
  72  7:52  Stalker x3  
  76  8:00  Protoss Ground Weapons Level 2  
  76  8:09  Probe  
  77  8:15  Robotics Bay  
  75  8:39  Immortal  
  75  8:41  Stalker x3  
  83  8:48  Assimilator  
  83  8:51  Assimilator  
  83  8:55  Probe x2  
  85  8:58  Nexus  
  85  9:00  Pylon  
  85  9:04  Pylon  
  85  9:05  Charge  
  85  9:06  Gateway  
  85  9:08  Gateway  
  85  9:16  Pylon  
  85  9:17  Pylon  
  85  9:19  Pylon  
  69  9:50  Stalker x4  
  75  9:54  Extended Thermal Lance  
  75  10:01  Robotics Facility  
  75  10:04  Probe x2  
  77  10:07  Photon Cannon  
  77  10:16  Probe x2  
  79  10:31  Colossus  
  79  10:33  Probe  
  86  10:36  Assimilator  
  86  10:38  Assimilator  
  76  10:45  Probe  
  59  11:01  Colossus, Stalker x4  
  59  11:02  Stalker  
  75  11:10  Photon Cannon  
  75  11:12  Shield Battery  
  75  11:14  Zealot  
  75  11:15  Shield Battery  
  75  11:16  Colossus  
  75  11:18  Probe x3  
  80  11:25  Zealot  
  80  11:26  Zealot x4  
  80  11:30  Probe  
  87  11:44  Zealot  
  87  11:45  Colossus  
  74  11:55  Zealot x5  
  79  12:17  Zealot x6  
  89  12:26  Probe x2  
  87  12:57  Nexus  
  87  13:01  Pylon  
  87  13:04  Pylon  
  87  13:07  Pylon  
  87  13:09  Nexus  
  87  13:10  Warp Prism  
  87  13:12  Pylon, Immortal  
  93  13:17  Pylon  
  79  14:05  Probe x2  
  81  14:17  Probe  
  82  14:18  Zealot x5  
  82  14:19  Zealot  
  82  14:22  Probe x3  
Show
View Real Time Build Order
Export as new Build Order

Вагнер Zerg - Winner!

Build Orders: Pool First 

Get SALT Encoding   

  12  0:00  Drone  
  13  0:08  Drone  
  14  0:17  Overlord  
  14  0:23  Extractor  
  14  0:24  Drone  
  15  0:36  Drone x2  
  17  0:48  Spawning Pool  
  16  0:50  Drone  
  16  0:54  Extractor  
  16  0:56  Drone  
  17  1:07  Drone  
  18  1:18  Overlord  
  18  1:38  Zergling x2  
  19  1:40  Roach Warren, Zergling x2  
  19  1:44  Queen  
  21  1:48  Drone  
  21  1:50  Extractor  
  21  2:06  Drone  
  22  2:12  Drone  
  23  2:19  Spore Crawler  
  22  2:24  Lair  
  22  2:26  Roach  
  24  2:36  Roach  
  26  2:58  Roach  
  28  3:03  Hatchery  
  27  3:12  Roach  
  29  3:19  Overlord  
  29  3:25  Glial Reconstitution  
  29  3:31  Drone  
  30  3:41  Roach  
  32  3:49  Roach  
  34  3:57  Drone  
  34  3:58  Drone  
  36  4:05  Roach  
  38  4:14  Drone  
  38  4:17  Overlord  
  37  4:38  Roach x2  
  37  4:44  Roach x3  
  43  4:58  Roach x3  
  47  5:09  Queen  
  49  5:18  Drone x2  
  51  5:22  Drone  
  51  5:26  Overlord  
  52  5:41  Spire, Drone  
  52  5:53  Drone x2  
  52  5:54  Drone x2  
  56  6:02  Drone x2  
  58  6:05  Extractor  
  58  6:07  Drone  
  58  6:18  Drone x2  
  60  6:19  Overlord  
  60  6:31  Roach x2  
  48  6:46  Roach x4  
  56  6:47  Roach x2  
  56  6:53  Mutalisk x2  
  60  6:59  Drone, Extractor  
  60  7:00  Drone x2  
  62  7:07  Evolution Chamber  
  61  7:10  Drone, Evolution Chamber  
  61  7:15  Mutalisk  
  63  7:23  Drone  
  63  7:25  Mutalisk  
  63  7:27  Mutalisk  
  68  7:34  Zerg Missile Weapons Level 1  
  68  7:43  Overlord  
  68  7:53  Overlord  
  68  7:58  Overlord  
  68  7:59  Overlord  
  68  8:06  Mutalisk  
  68  8:08  Drone x3  
  68  8:10  Mutalisk  
  75  8:40  Mutalisk x2  
  75  8:41  Mutalisk x4  
  79  8:48  Mutalisk  
  89  9:06  Mutalisk x3  
  95  9:19  Mutalisk x2  
  99  9:48  Overlord  
  99  9:49  Overlord x2  
  99  10:21  Mutalisk  
  99  10:22  Mutalisk x2  
  105  10:34  Mutalisk x5  
  103  11:06  Roach x3  
  85  11:32  Mutalisk x5  
  95  11:41  Roach  
  93  11:52  Roach x2  
  95  12:02  Mutalisk x2  
  95  12:10  Mutalisk x2  
  93  12:20  Mutalisk  
  93  12:21  Mutalisk x2  
  85  12:25  Zergling x2  
  85  12:26  Zergling x6  
  89  12:32  Zergling x4  
  91  12:44  Mutalisk x2  
  95  12:58  Hatchery  
  94  13:18  Mutalisk x2  
  94  13:19  Mutalisk  
  92  13:56  Mutalisk x3  
  92  14:02  Mutalisk x2  
  98  14:03  Mutalisk  
  98  14:04  Zergling x4  
Show
View Real Time Build Order
Export as new Build Order

TheChosenOne Zerg 

Build Orders: Hatch First 

Get SALT Encoding   

  12  0:00  Drone  
  13  0:12  Overlord  
  13  0:18  Drone  
  14  0:31  Drone x2  
  16  0:37  Drone  
  17  0:52  Hatchery  
  17  0:55  Drone  
  17  0:58  Drone  
  18  1:12  Extractor  
  18  1:14  Spawning Pool  
  18  1:17  Drone  
  17  1:22  Drone  
  18  1:32  Drone  
  19  1:45  Overlord  
  19  2:01  Queen  
  19  2:03  Zergling x2  
  19  2:05  Queen  
  19  2:07  Zergling x4  
  26  2:14  Drone  
  27  2:16  Drone  
  28  2:23  Drone  
  29  2:33  Drone x2  
  31  2:46  Drone x2  
  33  2:56  Overlord  
  33  2:59  Hatchery  
  32  3:08  Drone x3  
  34  3:19  Roach Warren, Drone  
  35  3:20  Drone x3, Extractor  
  35  3:24  Zergling x2  
  37  3:44  Drone  
  38  4:07  Roach x2  
  38  4:09  Overlord x3  
  42  4:22  Roach  
  42  4:28  Roach x3  
  47  4:35  Roach x3  
  47  4:36  Roach x3  
  57  4:42  Roach  
  57  4:43  Roach  
  57  4:55  Roach x2  
  57  4:56  Roach x3  
  67  5:05  Overlord x2  
  67  5:20  Overlord  
  67  5:23  Drone  
  67  5:26  Queen  
  67  5:27  Roach x2  
  67  5:28  Roach x2  
  78  5:43  Roach x3  
  84  5:50  Lair  
  84  6:02  Roach x2  
  84  6:03  Roach  
  90  6:09  Drone  
  90  6:10  Hatchery  
  90  6:13  Overlord  
  88  6:30  Roach  
  88  6:31  Roach x2  
  83  6:37  Roach  
  85  6:45  Roach  
  85  7:00  Hatchery  
  84  7:06  Roach  
  84  7:07  Roach x2  
  84  7:17  Zergling x2  
  85  7:27  Queen  
  85  7:42  Zergling x12  
  85  7:43  Zergling x2  
  85  7:51  Zergling x4  
  80  8:20  Roach  
  80  8:21  Roach x3  
  88  8:47  Hydralisk Den  
  87  8:55  Spore Crawler  
  86  8:58  Spore Crawler  
  86  8:59  Spore Crawler  
  86  9:02  Queen  
  86  9:18  Hydralisk x4  
  86  9:19  Hydralisk x3  
  97  9:53  Spore Crawler  
  97  9:54  Hydralisk  
  97  9:59  Overlord x3  
  98  10:15  Overlord x3  
  98  10:17  Hydralisk x3  
  98  10:18  Hydralisk x3  
  109  10:34  Drone  
  109  10:35  Drone x2  
  95  10:52  Drone x2  
  95  10:53  Drone x2  
  99  11:09  Spore Crawler x2  
  99  11:10  Spore Crawler  
  83  12:05  Hydralisk x5  
  23  12:42  Drone  
  24  13:10  Hatchery  
  24  13:11  Hydralisk  
  25  13:40  Hydralisk  
Show
View Real Time Build Order
Export as new Build Order

Ingalax Terran 

Build Orders:  

Get SALT Encoding   

  12  0:00  SCV  
  13  0:17  SCV  
  13  0:19  Supply Depot  
  14  0:30  SCV  
  15  0:42  SCV, Barracks  
  16  0:50  Refinery  
  16  0:54  SCV  
  17  1:07  SCV  
  18  1:19  SCV  
  19  1:31  SCV  
  20  1:39  Marine  
  21  1:43  SCV  
  21  1:46  Command Center  
  22  1:57  Orbital Command  
  22  2:09  Marine  
  23  2:17  Barracks  
  23  2:44  Factory  
  23  2:46  Supply Depot  
  23  2:47  Barracks  
  23  2:57  Marine, SCV x2  
  26  3:08  Barracks Reactor  
  26  3:09  Supply Depot, SCV  
  26  3:10  SCV  
  28  3:15  Marine  
  29  3:21  SCV  
  29  3:22  SCV  
  29  3:24  Refinery  
  31  3:30  Supply Depot  
  31  3:32  Factory Tech Lab  
  31  3:34  SCV x2  
  33  3:36  Barracks Tech Lab  
  33  3:46  SCV x2  
  35  3:56  Marine x2  
  35  3:58  SCV  
  35  4:00  Engineering Bay  
  38  4:10  SCV  
  38  4:14  Marine x2  
  40  4:22  Marauder  
  43  4:25  Siege Tank  
  43  4:27  SCV  
  44  4:39  SCV  
  44  4:44  Marauder  
  45  5:05  Marauder  
  47  5:10  Refinery  
  45  5:18  Starport  
  45  5:23  Barracks  
  45  5:25  SCV  
  45  5:26  Marauder  
  48  5:31  Marine x2  
  50  5:35  Refinery  
  50  5:37  SCV  
  50  5:38  Supply Depot  
  51  5:44  Supply Depot  
  51  5:48  Marauder  
  51  5:49  Marine x2, SCV  
  56  5:58  SCV  
  56  6:01  Supply Depot  
  56  6:02  SCV, Starport Reactor  
  61  6:04  Siege Tank  
  61  6:07  Marine x2, Supply Depot  
  61  6:09  Marauder  
  61  6:10  SCV, Barracks  
  66  6:15  SCV  
  67  6:22  SCV  
  67  6:24  Marine  
  67  6:25  Marine x2, Supply Depot  
  68  6:27  SCV  
  68  6:30  Terran Infantry Weapons Level 1  
  68  6:31  Marauder  
  71  6:34  SCV  
  69  6:42  Marine x3  
  69  6:46  SCV  
  72  6:48  Supply Depot  
  72  6:52  Marauder  
  72  6:55  Medivac x2  
  72  6:59  Barracks Reactor  
  72  7:00  Marine  
  72  7:13  Marauder  
  74  7:17  Marine  
  74  7:20  SCV  
  76  7:29  Command Center  
  76  7:32  Barracks, SCV  
  76  7:35  Marine  
  78  7:41  Marauder, Marine x4  
  80  7:44  SCV  
  80  7:47  Marine  
  82  7:53  Marine  
  83  7:58  Marine  
  83  7:59  Marine x3  
  83  8:02  Marauder  
  83  8:04  Marine  
  90  8:11  Marine  
  91  8:21  Barracks  
  91  8:22  Marine  
  91  8:23  Marauder  
  91  8:25  Barracks Tech Lab  
  93  8:27  Marine x4  
  93  8:29  Marine  
  89  8:40  Marine  
  76  8:45  Marauder, Marine x3  
  80  8:58  Marine  
  79  9:06  Marauder  
  80  9:15  Marauder  
  82  9:17  Marine x4  
  86  9:25  Stimpack  
  86  9:27  Marauder  
  88  9:35  Marine  
  88  9:37  Marauder  
  69  9:49  Marauder  
  71  9:58  Marauder  
  70  10:19  Marauder  
  61  10:24  Starport Reactor  
  61  10:45  SCV  
  62  10:57  SCV  
  62  11:00  SCV  
  63  11:04  SCV  
  63  11:09  SCV  
  65  11:12  SCV  
  65  11:16  SCV  
  67  11:24  SCV  
  68  11:28  SCV  
  69  11:36  SCV  
  65  11:40  SCV  
  50  11:48  SCV  
  50  11:52  SCV  
  29  12:15  SCV  
  29  12:21  Marine x3, Marauder  
  32  12:24  Marine, Marauder  
  32  12:26  Medivac x2  
  32  12:27  SCV  
  32  12:28  Terran Infantry Armor Level 1  
  38  12:31  Combat Shield  
  38  12:38  SCV  
  38  12:39  Marine x3  
  38  12:40  SCV  
  38  12:42  Marine, Marauder  
  46  12:45  Marauder  
  46  12:50  SCV  
  49  12:52  SCV  
  49  12:56  Medivac x2, Marine x3  
  57  12:59  Marine  
  57  13:02  SCV  
  57  13:04  Marauder, SCV  
  50  13:07  Marauder  
  50  13:14  Marine x3  
  50  13:15  SCV  
  50  13:16  SCV  
  50  13:17  Marine  
  50  13:25  Marauder  
  50  13:27  SCV  
  50  13:28  SCV, Marauder  
  50  13:32  Marine x3  
  51  13:36  Marine  
  33  13:46  Marauder  
  35  13:50  Marine x2  
  35  13:53  Marine  
  24  14:08  Marine  
Tags
 
Add a new tag
Caveats
  • Supply blocks, unpowered buildings, or Contaminate may cause inaccurate times.
  • Supply counts are checked every 10 seconds.